 Dungeon Crawl Stone Soup version 0.24-a0-471-g3302cd442e (webtiles) character file.

Game seed: 6824291095365040560

46 deorigin the Chiller (level 3, 0/24 HPs)
             Began as a Merfolk Ice Elementalist on July 4, 2019.
             Slain by a bat (1 damage)
             ... on level 2 of the Dungeon.
             The game lasted 00:04:05 (1577 turns).

deorigin the Chiller (Merfolk Ice Elementalist)     Turns: 1577, Time: 00:04:06

Health: 0/24       AC:  3    Str:  9    XL:     3   Next: 66%
Magic:  3/6        EV: 13    Int: 14    God:
Gold:   23         SH:  0    Dex: 14    Spells: 5/6 levels left

rFire    . . .     SeeInvis .   (no weapon)
rCold    . . .     Gourm    .   (no shield)
rNeg     . . .     Faith    .   a - +0 robe
rPois    .         Spirit   .   f - +1 hat
rElec    .         Reflect  .   (no cloak)
rCorr    .         Harm     .   (no gloves)
MR       .....                  (no boots)
Stlth    ++........             (no amulet)
HPRegen  0.08/turn              (no ring)
MPRegen  0.10/turn              (no ring)

@: no status effects
A: change form in water, swift swim, stealthy swim
a: no special abilities


You were on level 2 of the Dungeon.
You were not hungry.

You visited 1 branch of the dungeon, and saw 2 of its levels.

You collected 23 gold pieces.

Inventory:

Missiles
 b - 22 sling bullets
 j - 3 atropa-tipped darts (quivered)
Armour
 a - a +0 robe (worn)
 f - a +1 hat (worn)
Scrolls
 d - 3 scrolls of enchant armour {unknown}
 h - 2 scrolls of remove curse {unknown}
 k - a scroll of enchant weapon {unknown}
Potions
 e - 2 potions of heal wounds {unknown}
 g - a potion of curing {unknown}
Comestibles
 c - 3 rations
 i - 4 chunks of flesh


   Skills:
 - Level 2.7 Dodging
 - Level 2.2 Stealth
 - Level 2.1 Spellcasting
   Level 0.7 Conjurations
 + Level 4.8 Ice Magic


You had 5 spell levels left.
You knew the following spells:

 Your Spells              Type           Power        Failure   Level  Hunger
a - Freeze                Ice            ###.         3%          1    #......

Your spell library contained the following spells:

 Spells                   Type           Power        Failure   Level  Hunger
 Throw Frost              Conj/Ice       #.....       11%         2    ###....
 Ozocubu's Armour         Chrm/Ice       #.......     26%         3    ###....
 Throw Icicle             Conj/Ice       #.......     58%         4    #####..
 Summon Ice Beast         Ice/Summ       #.......     65%         4    #####..


Dungeon Overview and Level Annotations

Branches:
Dungeon (2/15)

Altars:


Message History

Aim: a worm (lightly wounded)
You freeze the worm!
The worm is heavily wounded.
The bat hits you but does no damage.
Casting: Freeze (safe; 3% risk of failure)
Confirm with . or Enter, or press ? or * to list all spells.
Aiming: Freeze (safe; 3% risk of failure)
Press: ? - help, Shift-Dir - straight line, f/p - worm
Aim: a worm (heavily wounded)
You freeze the worm.
The worm is heavily wounded.
The bat barely misses you. The worm bites you!
Ouch! That really hurt!
* * * LOW HITPOINT WARNING * * *
The bat closely misses you. The bat hits you but does no damage.
Unknown command.
The bat misses you. The bat closely misses you. The bat hits you.
You die...

#.... .... #....#
.....
#....######.....
#...............
#..............
#..............
#...รท......####
#...b.w....#
###@########
#.################
#.................
####..)...........
#.##...........
#.#.....#.....
#.#..#....# #
#.#..#...##
#.#..#....#


You could see a worm and a bat.

Vanquished Creatures
  An adder (D:2)
  A dart slug (D:1)
  A leopard gecko (D:2)
  A ball python (D:1)
  2 giant cockroaches (D:1)
  2 goblins (D:1)
  A hobgoblin (D:1)
  7 jackals (D:1)
  8 bats
  A frilled lizard (D:1)
  3 kobolds (D:1)
  4 rats (D:1)
32 creatures vanquished.

Notes
Turn   | Place    | Note
-------+----------+-------------------------------------------
     0 | D:1      | deorigin the Merfolk Ice Elementalist began the quest for
                  | the Orb.
     0 | D:1      | Reached XP level 1. HP: 13/13 MP: 3/3
   267 | D:1      | Reached XP level 2. HP: 19/19 MP: 1/5
   485 | D:1      | Reached skill level 4 in Ice Magic
   766 | D:1      | Reached XP level 3. HP: 21/24 MP: 1/6
  1573 | D:2      | HP: 1/24 [worm (12)]
  1577 | D:2      | Slain by a bat

Levels and vault maps discovered:
D:1:      noname_arrival_rooms_in_the_neighbourhood, layout_basic,
          grunt_decor_mini_mirrors
D:2:      layout_basic, lemuel_crystal_altar, bloody_trog

Skill      XL: |  1  2 |
---------------+-------+-----
Ice Magic      | 4 |  4.8
Dodging        | |  2.7
Stealth        | |  2.2
Spellcasting   | |  2.1
Conjurations   | |  0.7

Action                   || total
-------------------------++-------
Melee: Unarmed           ||    11
 Cast: Freeze            ||    59
  Eat: Chunk             ||     3
Armor: Robe              ||    18
Dodge: Dodged            ||    56

Table legend:
 A = Non-vault XP
 B = Vault XP
 C = Vault XP percentage of total XP
 D = Non-vault monster count
 E = Vault monster count
 F = Vault count percentage of total count
                 A         B        C        D         E       F
            +---------+---------+-------+---------+---------+-------
      Total |      66 |       0 |   0.0 |      32 |       0 |   0.0
            +---------+---------+-------+---------+---------+-------
        D:1 |      46 |       0 |   0.0 |      27 |       0 |   0.0
        D:2 |      20 |       0 |   0.0 |       5 |       0 |   0.0
            +---------+---------+-------+---------+---------+-------
